 Dungeon Crawl Stone Soup version 0.21.1-1-g345015f (webtiles) character file.

30555 tidbits the Covert (level 13, -46/101 HPs)
             Began as a Gnoll Assassin on Mar 30, 2018.
             Was a Priest of Cheibriados.
             Killed from afar by a deep elf annihilator (69 damage)
             ... with a crystal spear
             ... on level 2 of the Elven Halls.
             The game lasted 01:07:11 (5275 turns).

tidbits the Covert (Gnoll Assassin)                 Turns: 5275, Time: 01:07:12

Health: -46/101    AC: 13    Str: 24    XL:     13   Next: 52%
Magic:  25/25      EV: 19    Int: 27    God:    Cheibriados [***...]
Gold:   827        SH: 13    Dex: 24    Spells: 28/28 levels left

rFire    . . .     SeeInvis .   b - +7 Screaming Sword
rCold    . . .     Gourm    .   D - +0 shield
rNeg     . . .     Faith    .   B - +0 troll leather armour
rPois    .         Spirit   .   (helmet restricted)
rElec    .         Reflect  .   C - +1 cloak
rCorr    .         Harm     .   G - +0 pair of gloves
MR       +....                  (no boots)
Stlth    +++++.....             R - amulet of regeneration
HPRegen  1.06/turn              U - +4 ring of protection
MPRegen  0.19/turn              H - ring of protection from magic

@: very slow
A: distributed training, fangs 1, horns 1, clever 1, strong nose
a: Bend Time, Temporal Distortion, Renounce Religion


You were on level 2 of the Elven Halls.
You worshipped Cheibriados.
Cheibriados was most pleased with you.
You were not hungry.

You visited 3 branches of the dungeon, and saw 18 of its levels.

You collected 1085 gold pieces.
You spent 258 gold pieces at shops.

Inventory:

Hand Weapons
 a - a +1 dagger of draining
   (You took it off an orc wizard on level 10 of the Dungeon)
 b - the +7 Screaming Sword (weapon)
   (You found it on level 9 of the Dungeon)
 g - a +0 blowgun
 m - a +0 broad axe
 N - a +2 antimagic demon whip
   (You took it off an orc on level 12 of the Dungeon)
 O - a +0 morningstar of draining
   (You took it off an orc on level 10 of the Dungeon)
 X - a +2 long sword of distortion
   (You took it off a deep elf mage on level 1 of the Elven Halls)
Missiles
 l - 21 tomahawks (quivered)
 q - 286 arrows
 y - 10 poisoned needles
 F - 4 javelins
 Y - a curare-tipped needle
Armour
 B - a +0 troll leather armour (worn)
 C - a +1 cloak (worn)
 D - a +0 shield (worn)
 E - a +0 helmet of see invisible
   (You bought it in a shop on level 10 of the Dungeon)
 G - a +0 pair of gloves (worn)
Magical Staves
 e - an uncursed staff of energy {!a}
   (You took it off an orc on level 10 of the Dungeon)
Jewellery
 h - an uncursed ring of ice
   (You found it on level 5 of the Dungeon)
 n - an uncursed ring of ice
   (You found it on level 4 of the Dungeon)
 o - an uncursed ring of fire
   (You found it on level 4 of the Dungeon)
 v - an uncursed ring of flight
   (You found it on level 4 of the Dungeon)
 H - a ring of protection from magic (right hand)
   (You took it off an orc priest on level 6 of the Dungeon)
 P - an uncursed ring of poison resistance
   (You found it on level 8 of the Dungeon)
 Q - an uncursed amulet of magic regeneration
   (You found it on level 9 of the Dungeon)
 R - an amulet of regeneration (around neck)
   (You found it on level 5 of the Dungeon)
 U - a +4 ring of protection (left hand)
   (You found it on level 7 of the Dungeon)
Wands
 d - a wand of digging (9)
 s - a wand of acid (2)
 K - a wand of clouds (2)
 L - a wand of scattershot (6)
 T - a wand of polymorph (19)
 V - a wand of paralysis (38)
Scrolls
 j - 4 scrolls of blinking
 p - a scroll of summoning {unknown}
 r - 8 scrolls of remove curse
 t - 2 scrolls of amnesia
 u - a scroll of fear
 w - 2 scrolls of noise
 x - 2 scrolls of fog
 A - 2 scrolls of enchant weapon {unknown}
Potions
 i - a potion of might
 k - 2 potions of flight
 z - a potion of cancellation
 I - 2 potions of invisibility {unknown}
 J - a potion of magic
 S - 2 potions of heal wounds
 W - 3 potions of resistance
Miscellaneous
 f - a phial of floods
Comestibles
 c - 17 rations


   Skills:
 + Level 9.4 Fighting
 + Level 9.4 Short Blades
 + Level 8.2 Long Blades
 + Level 8.2 Axes
 + Level 8.2 Maces & Flails
 + Level 8.2 Polearms
 + Level 8.2 Staves
 + Level 8.2 Slings
 + Level 8.2 Bows
 + Level 8.2 Crossbows
 + Level 9.4 Throwing
 + Level 8.2 Armour
 + Level 8.7 Dodging
 + Level 11.1 Stealth
 + Level 8.2 Shields
 + Level 8.2 Unarmed Combat
 + Level 8.2 Spellcasting
 + Level 6.8 Conjurations
 + Level 6.8 Hexes
 + Level 6.8 Charms
 + Level 6.8 Summonings
 + Level 6.8 Necromancy
 + Level 6.8 Translocations
 + Level 6.8 Transmutations
 + Level 6.8 Fire Magic
 + Level 6.8 Ice Magic
 + Level 6.8 Air Magic
 + Level 6.8 Earth Magic
 + Level 6.8 Poison Magic
 + Level 9.0 Invocations
 + Level 8.2 Evocations


You had 28 spell levels left.
You didn't know any spells.

Dungeon Overview and Level Annotations

Branches:
Dungeon (14/15)            Temple (0/1) D:7            Lair (0/6) D:8
    Orc (2/2) D:10            Elf (2/3) Orc:2
 Vaults: D:13-14

Altars:
Cheibriados
Gozag
Kikubaaqudgha
Makhleb
Ru
Sif Muna
Vehumet
Wu Jian
Yredelemnul
Beogh

Shops:
D:3 *   D:5 [   D:7 :   D:10 *

Annotations:
D:6 Edmund
D:8 exclusion: hell hound


Innate Abilities, Weirdness & Mutations

Your experience applies equally to all skills.
You have very sharp teeth.
Your uncanny sense of smell can sniff out nearby items.
You have a pair of small horns on your head.
Your mind is acute. (Int +2)


Message History

Your headbutt misses the glaive of venom.
Your bite misses the glaive of venom.
The glaive of venom is severely damaged.
The glaive of venom hits you!!
You are poisoned.
You miss the glaive of venom.
The glaive of venom is severely damaged.
You feel sick. The glaive of venom hits you!
* * * LOW HITPOINT WARNING * * *
You barely miss the glaive of venom.
You headbutt the glaive of venom, but do no damage.
The glaive of venom is severely damaged.
You feel sick. The glaive of venom misses you.
You miss the glaive of venom.
Your headbutt misses the glaive of venom.
Your bite misses the glaive of venom.
The glaive of venom is severely damaged.
You feel sick. The glaive of venom misses you.
You barely miss the glaive of venom.
Your headbutt misses the glaive of venom.
You bite the glaive of venom, but do no damage.
The glaive of venom is severely damaged.
The glaive of venom hits you but does no damage.
You are more poisoned.
You closely miss the glaive of venom. Your bite misses the glaive of venom.
The glaive of venom is severely damaged.
You feel sick. The glaive of venom barely misses you.
You slash the glaive of venom!
The glaive of venom falls from the air.
Cheibriados appreciates the change of pace.
Your Invocations skill increases to level 9!
You feel sick.
Unknown command.
You feel better.
The Screaming Sword howls with insane laughter!
The deep elf annihilator is hurt by the noise.
You hear a shout! x4
You block the deep elf annihilator's attack.
You slash the deep elf annihilator!
Your headbutt misses the deep elf annihilator.
The deep elf annihilator is moderately wounded.
You block the deep elf annihilator's attack.
You slice the deep elf annihilator!!
The deep elf annihilator is heavily wounded.
You hear a shout!
The deep elf annihilator gestures at you while chanting.
The iron shot hits you!
* * * LOW HITPOINT WARNING * * *
The flow of time bends around you.
Cheibriados rebukes the deep elf annihilator.
The deep elf annihilator seems to slow down.
You feel slightly more hungry.
The deep elf annihilator gestures wildly while chanting.
The deep elf annihilator blinks!
You barely miss the deep elf mage. Your headbutt misses the deep elf mage.
You bite the deep elf mage.
The deep elf mage is lightly wounded.
The deep elf mage completely misses you.
You riposte.
You slash the deep elf mage! You headbutt the deep elf mage.
You bite the deep elf mage, but do no damage.
The deep elf mage is moderately wounded.
You hear a shout!
You slice the deep elf mage!! Your headbutt misses the deep elf mage.
The deep elf mage is severely wounded.
The deep elf mage closely misses you.
You barely miss the deep elf mage. Your headbutt misses the deep elf mage.
The deep elf mage is severely wounded.
The deep elf mage closely misses you.
You barely miss the deep elf mage.
The deep elf mage is severely wounded.
You closely miss the deep elf archer. You headbutt the deep elf archer.
The deep elf archer is lightly wounded.
You block the deep elf archer's attack.
You slash the deep elf archer! You headbutt the deep elf archer.
You bite the deep elf archer.
The deep elf archer is heavily wounded.
The deep elf archer blinks!
The deep elf mage misses you.
You completely miss the deep elf mage. You headbutt the deep elf mage.
The deep elf mage is almost dead.
You slash the deep elf mage!
You kill the deep elf mage!
Cheibriados appreciates the change of pace.
You hit the deep elf annihilator.
You bite the deep elf annihilator, but do no damage.
The deep elf annihilator is heavily wounded.
The deep elf annihilator points at you and mumbles some strange words.
The crystal spear hits you!
* * * LOW HITPOINT WARNING * * *
You hear a shout!
You feel much better.
The deep elf annihilator hits you but does no damage.
You slice the deep elf annihilator!!
Your headbutt misses the deep elf annihilator.
You bite the deep elf annihilator.
The deep elf annihilator is severely wounded.
The deep elf annihilator gestures at you while chanting.
The crystal spear hits you!
Ouch! That really hurt!
You die...

#........)).)).....
#########)####ee..##
#.# #.# [.#≈# #.#
#.# #.e# #.# #.# ..#
≈#≈ #.# #)# ..#≈≈≈≈
#.# #.###.§≈≈#
#.##...eE.#
#@#.(###..# ##e###
∆.≈# #.## ..≈ #.#
... #.# .# #.# . #.#
#.# ##


You could see a deep elf annihilator.

Vanquished Creatures
  A deep elf high priest (Elf:1)
  Fannar (D:11)
  The ghost of frogsdev the Cleaver, a journeyman HOFi of Beogh (D:11)
  A hydra (D:12)
  3 two-headed ogres
  A dancing weapon (Elf:2)
  Urug (D:10)
  An orc high priest (Elf:2)
  A deep elf knight (Elf:1)
  A deep elf archer (Elf:1)
  An unseen horror (D:11)
  A wizard (D:10)
  An orc sorcerer (Orc:1)
  18 deep elf magi
  2 cyclopes
  A manticore (D:11)
  Joseph (D:8)
  A komodo dragon (D:10)
  10 trolls
  An air elemental (Elf:2)
  3 water elementals
  A wraith (D:10)
  2 fire elementals
  2 hungry ghosts
  2 vampire mosquitoes (D:12)
  A warg (Orc:2)
  A soldier ant (D:11)
  3 sky beasts
  2 ice beasts (D:9)
  A black bear (D:11)
  14 orc warriors
  10 ogres
  9 centaurs
  7 big kobolds
  5 bullfrogs
  A gnoll sergeant (D:10)
  2 wyvern skeletons
  9 scorpions
  8 killer bees
  6 electric eels (D:10)
  6 howler monkeys
  A bullfrog zombie (D:10)
  2 crimson imps
  7 jellies
  3 centaur skeletons
  9 orc priests
  5 hounds
  11 orc wizards
  3 iguanas
  5 worker ants
  2 hound skeletons (D:7)
  A howler monkey zombie (D:7)
  A worker ant zombie (D:11)
  5 gnolls
  7 adders
  2 shadow imps
  5 oozes (D:10)
  A worm (D:3)
  2 adder skeletons
  2 adder zombies
  2 dart slugs (D:3)
  2 leopard geckos
  54 orcs
  A ball python (D:4)
  9 bats
  2 giant cockroaches
  2 goblins
  A quokka (D:7)
  A jackal skeleton (D:6)
  8 kobolds
  2 quokka skeletons (D:6)
  3 quokka zombies
  A rat (D:3)
306 creatures vanquished.

Vanquished Creatures (collateral kills)
  A two-headed ogre (D:10)
  A komodo dragon (D:10)
  A centaur (D:10)
  An orc priest (D:10)
  An orc (D:6)
5 creatures vanquished.

Vanquished Creatures (others)
  A cyclops (D:10)
  A hornet (D:10)
  A crocodile (D:11)
  An orc priest (D:6)
  An adder (D:6)
  An orc (D:6)
  9 fungi (D:9)
  9 toadstools (D:5)
24 creatures vanquished.

Grand Total: 335 creatures vanquished

Notes
Turn   | Place    | Note
-------+----------+-------------------------------------------
     0 | D:1      | tidbits the Gnoll Assassin began the quest for the Orb.
     0 | D:1      | Reached XP level 1. HP: 20/20 MP: 1/1
    46 | D:2      | Reached XP level 2. HP: 26/26 MP: 2/2
   106 | D:2      | Reached XP level 3. HP: 31/31 MP: 3/3
   229 | D:3      | Reached skill level 1 in Invocations
   281 | D:5      | Entered Level 5 of the Dungeon
   355 | D:3      | Found a deep blue altar of Sif Muna.
   356 | D:3      | Found an ancient bone altar of Kikubaaqudgha.
   356 | D:3      | Found a radiant altar of Vehumet.
   358 | D:3      | Identified Kikubaaqudgha's Grimoire of Darkness
   399 | D:3      | Found an ornate altar of the Wu Jian Council.
   399 | D:3      | Found a burning altar of Makhleb.
   430 | D:4      | Reached skill level 1 in Long Blades
   430 | D:4      | Reached skill level 1 in Axes
   430 | D:4      | Reached skill level 1 in Maces & Flails
   430 | D:4      | Reached skill level 1 in Polearms
   430 | D:4      | Reached skill level 1 in Staves
   430 | D:4      | Reached skill level 1 in Slings
   430 | D:4      | Reached skill level 1 in Bows
   430 | D:4      | Reached skill level 1 in Crossbows
   430 | D:4      | Reached skill level 1 in Armour
   430 | D:4      | Reached skill level 1 in Shields
   430 | D:4      | Reached skill level 1 in Unarmed Combat
   430 | D:4      | Reached skill level 1 in Spellcasting
   430 | D:4      | Reached skill level 1 in Evocations
   430 | D:4      | Reached XP level 4. HP: 36/38 MP: 5/5
   444 | D:3      | Found Gozag's Platinum Reserve.
   444 | D:3      | Found an opulent altar of Gozag.
   486 | D:3      | Found a basalt altar of Yredelemnul.
   614 | D:5      | Reached skill level 1 in Conjurations
   614 | D:5      | Reached skill level 1 in Hexes
   614 | D:5      | Reached skill level 1 in Charms
   614 | D:5      | Reached skill level 1 in Summonings
   614 | D:5      | Reached skill level 1 in Necromancy
   614 | D:5      | Reached skill level 1 in Translocations
   614 | D:5      | Reached skill level 1 in Transmutations
   614 | D:5      | Reached skill level 1 in Fire Magic
   614 | D:5      | Reached skill level 1 in Ice Magic
   614 | D:5      | Reached skill level 1 in Air Magic
   614 | D:5      | Reached skill level 1 in Earth Magic
   614 | D:5      | Reached skill level 1 in Poison Magic
   637 | D:5      | Reached XP level 5. HP: 33/43 MP: 6/6
   670 | D:6      | Noticed Edmund
   686 | D:5      | Reached skill level 3 in Dodging
   695 | D:5      | Found Ciwocani's Antique Armour Shop.
   741 | D:5      | Reached skill level 8 in Stealth
   741 | D:5      | Reached skill level 2 in Invocations
   741 | D:5      | Reached XP level 6. HP: 24/50 MP: 8/8
   809 | D:6      | Reached skill level 5 in Fighting
   809 | D:6      | Reached skill level 5 in Short Blades
   809 | D:6      | Reached skill level 5 in Throwing
   855 | D:5      | Reached skill level 2 in Long Blades
   855 | D:5      | Reached skill level 2 in Axes
   855 | D:5      | Reached skill level 2 in Maces & Flails
   855 | D:5      | Reached skill level 2 in Polearms
   855 | D:5      | Reached skill level 2 in Staves
   855 | D:5      | Reached skill level 2 in Slings
   855 | D:5      | Reached skill level 2 in Bows
   855 | D:5      | Reached skill level 2 in Crossbows
   855 | D:5      | Reached skill level 2 in Armour
   855 | D:5      | Reached skill level 2 in Shields
   855 | D:5      | Reached skill level 2 in Unarmed Combat
   855 | D:5      | Reached skill level 2 in Spellcasting
   855 | D:5      | Reached skill level 2 in Evocations
   861 | D:5      | HP: 3/51 [big kobold/club (5)]
   862 | D:5      | Reached XP level 7. HP: 3/56 MP: 8/10
   893 | D:5      | Reached skill level 2 in Conjurations
   893 | D:5      | Reached skill level 2 in Hexes
   893 | D:5      | Reached skill level 2 in Charms
   893 | D:5      | Reached skill level 2 in Summonings
   893 | D:5      | Reached skill level 2 in Necromancy
   893 | D:5      | Reached skill level 2 in Translocations
   893 | D:5      | Reached skill level 2 in Transmutations
   893 | D:5      | Reached skill level 2 in Fire Magic
   893 | D:5      | Reached skill level 2 in Ice Magic
   893 | D:5      | Reached skill level 2 in Air Magic
   893 | D:5      | Reached skill level 2 in Earth Magic
   893 | D:5      | Reached skill level 2 in Poison Magic
  1074 | D:6      | Found a sacrificial altar of Ru.
  1094 | D:6      | Reached skill level 3 in Invocations
  1325 | D:5      | Found a snail-covered altar of Cheibriados.
  1333 | D:5      | Became a worshipper of Cheibriados the Contemplative
  1390 | D:6      | Reached XP level 8. HP: 16/63 MP: 12/12
  1411 | D:6      | Reached skill level 4 in Dodging
  1464 | D:6      | Reached skill level 3 in Long Blades
  1464 | D:6      | Reached skill level 3 in Axes
  1464 | D:6      | Reached skill level 3 in Maces & Flails
  1464 | D:6      | Reached skill level 3 in Polearms
  1464 | D:6      | Reached skill level 3 in Staves
  1464 | D:6      | Reached skill level 3 in Slings
  1464 | D:6      | Reached skill level 3 in Bows
  1464 | D:6      | Reached skill level 3 in Crossbows
  1464 | D:6      | Reached skill level 3 in Armour
  1464 | D:6      | Reached skill level 3 in Shields
  1464 | D:6      | Reached skill level 3 in Unarmed Combat
  1464 | D:6      | Reached skill level 3 in Spellcasting
  1464 | D:6      | Reached skill level 3 in Evocations
  1542 | D:7      | Reached * piety under Cheibriados
  1565 | D:7      | Found a staircase to the Ecumenical Temple.
  1737 | D:7      | Found Piof's Book Boutique.
  1824 | D:8      | Noticed Joseph
  1841 | D:8      | Killed Joseph
  1841 | D:8      | Reached skill level 6 in Fighting
  1841 | D:8      | Reached skill level 6 in Short Blades
  1841 | D:8      | Reached skill level 6 in Throwing
  1841 | D:8      | Reached skill level 3 in Conjurations
  1841 | D:8      | Reached skill level 3 in Hexes
  1841 | D:8      | Reached skill level 3 in Charms
  1841 | D:8      | Reached skill level 3 in Summonings
  1841 | D:8      | Reached skill level 3 in Necromancy
  1841 | D:8      | Reached skill level 3 in Translocations
  1841 | D:8      | Reached skill level 3 in Transmutations
  1841 | D:8      | Reached skill level 3 in Fire Magic
  1841 | D:8      | Reached skill level 3 in Ice Magic
  1841 | D:8      | Reached skill level 3 in Air Magic
  1841 | D:8      | Reached skill level 3 in Earth Magic
  1841 | D:8      | Reached skill level 3 in Poison Magic
  1841 | D:8      | Reached skill level 4 in Invocations
  1841 | D:8      | Reached XP level 9. HP: 63/69 MP: 14/14
  1872 | D:8      | Found a staircase to the Lair.
  2016 | D:8      | Reached ** piety under Cheibriados
  2188 | D:9      | Reached skill level 4 in Long Blades
  2188 | D:9      | Reached skill level 4 in Axes
  2188 | D:9      | Reached skill level 4 in Maces & Flails
  2188 | D:9      | Reached skill level 4 in Polearms
  2188 | D:9      | Reached skill level 4 in Staves
  2188 | D:9      | Reached skill level 4 in Slings
  2188 | D:9      | Reached skill level 4 in Bows
  2188 | D:9      | Reached skill level 4 in Crossbows
  2188 | D:9      | Reached skill level 4 in Armour
  2188 | D:9      | Reached skill level 4 in Shields
  2188 | D:9      | Reached skill level 4 in Unarmed Combat
  2188 | D:9      | Reached skill level 4 in Spellcasting
  2188 | D:9      | Reached skill level 4 in Evocations
  2327 | D:10     | Entered Level 10 of the Dungeon
  2363 | D:10     | Noticed Urug
  2375 | D:10     | Killed Urug
  2375 | D:10     | Reached skill level 5 in Dodging
  2375 | D:10     | Reached skill level 9 in Stealth
  2388 | D:10     | Reached skill level 5 in Invocations
  2587 | D:9      | Reached XP level 10. HP: 64/77 MP: 15/17
  2605 | D:9      | Found the +7 Singing Sword
  2636 | D:9      | Reached skill level 4 in Conjurations
  2636 | D:9      | Reached skill level 4 in Hexes
  2636 | D:9      | Reached skill level 4 in Charms
  2636 | D:9      | Reached skill level 4 in Summonings
  2636 | D:9      | Reached skill level 4 in Necromancy
  2636 | D:9      | Reached skill level 4 in Translocations
  2636 | D:9      | Reached skill level 4 in Transmutations
  2636 | D:9      | Reached skill level 4 in Fire Magic
  2636 | D:9      | Reached skill level 4 in Ice Magic
  2636 | D:9      | Reached skill level 4 in Air Magic
  2636 | D:9      | Reached skill level 4 in Earth Magic
  2636 | D:9      | Reached skill level 4 in Poison Magic
  2658 | D:9      | Reached *** piety under Cheibriados
  2784 | D:10     | Reached skill level 5 in Long Blades
  2784 | D:10     | Reached skill level 5 in Axes
  2784 | D:10     | Reached skill level 5 in Maces & Flails
  2784 | D:10     | Reached skill level 5 in Polearms
  2784 | D:10     | Reached skill level 5 in Staves
  2784 | D:10     | Reached skill level 5 in Slings
  2784 | D:10     | Reached skill level 5 in Bows
  2784 | D:10     | Reached skill level 5 in Crossbows
  2784 | D:10     | Reached skill level 5 in Armour
  2784 | D:10     | Reached skill level 5 in Shields
  2784 | D:10     | Reached skill level 5 in Unarmed Combat
  2784 | D:10     | Reached skill level 5 in Spellcasting
  2784 | D:10     | Reached skill level 5 in Evocations
  2813 | D:10     | Noticed a two-headed ogre
  2864 | D:10     | Noticed a two-headed ogre
  2875 | D:10     | Killed a two-headed ogre
  2875 | D:10     | Reached skill level 7 in Fighting
  2875 | D:10     | Reached skill level 7 in Short Blades
  2875 | D:10     | Reached skill level 7 in Throwing
  2878 | D:10     | Noticed a wizard
  2878 | D:10     | Noticed a cyclops
  2885 | D:10     | Killed a wizard
  2885 | D:10     | Reached skill level 6 in Dodging
  2888 | D:10     | Reached skill level 6 in Invocations
  2902 | D:10     | Killed a troll
  2990 | D:10     | Reached XP level 11. HP: 77/84 MP: 19/19
  3068 | D:11     | Reached **** piety under Cheibriados
  3161 | D:10     | Found Ysmey's General Store.
  3171 | D:10     | Bought a +0 helmet of see invisible for 126 gold pieces
  3176 | D:10     | Bought a potion of heal wounds for 55 gold pieces
  3176 | D:10     | Bought a scroll of teleportation for 33 gold pieces
  3279 | D:11     | Noticed a manticore
  3282 | D:11     | Killed a manticore
  3311 | D:11     | Reached skill level 6 in Long Blades
  3311 | D:11     | Reached skill level 6 in Axes
  3311 | D:11     | Reached skill level 6 in Maces & Flails
  3311 | D:11     | Reached skill level 6 in Polearms
  3311 | D:11     | Reached skill level 6 in Staves
  3311 | D:11     | Reached skill level 6 in Slings
  3311 | D:11     | Reached skill level 6 in Bows
  3311 | D:11     | Reached skill level 6 in Crossbows
  3311 | D:11     | Reached skill level 6 in Armour
  3311 | D:11     | Reached skill level 6 in Shields
  3311 | D:11     | Reached skill level 6 in Unarmed Combat
  3311 | D:11     | Reached skill level 6 in Spellcasting
  3311 | D:11     | Reached skill level 6 in Evocations
  3373 | D:12     | Noticed a deep elf mage
  3383 | D:12     | Killed a deep elf mage
  3383 | D:12     | Reached skill level 5 in Conjurations
  3383 | D:12     | Reached skill level 5 in Hexes
  3383 | D:12     | Reached skill level 5 in Charms
  3383 | D:12     | Reached skill level 5 in Summonings
  3383 | D:12     | Reached skill level 5 in Necromancy
  3383 | D:12     | Reached skill level 5 in Translocations
  3383 | D:12     | Reached skill level 5 in Transmutations
  3383 | D:12     | Reached skill level 5 in Fire Magic
  3383 | D:12     | Reached skill level 5 in Ice Magic
  3383 | D:12     | Reached skill level 5 in Air Magic
  3383 | D:12     | Reached skill level 5 in Earth Magic
  3383 | D:12     | Reached skill level 5 in Poison Magic
  3533 | D:12     | Noticed a seven-headed hydra
  3537 | D:12     | Killed a seven-headed hydra
  3537 | D:12     | Reached skill level 10 in Stealth
  3558 | D:11     | Noticed frogsdev's ghost (journeyman HOFi)
  3574 | D:11     | Killed frogsdev's ghost
  3574 | D:11     | Reached skill level 7 in Invocations
  3622 | D:11     | Noticed a cyclops
  3637 | D:11     | Killed a cyclops
  3637 | D:11     | Reached skill level 8 in Fighting
  3637 | D:11     | Reached skill level 8 in Short Blades
  3637 | D:11     | Reached skill level 8 in Throwing
  3637 | D:11     | Reached skill level 7 in Dodging
  3658 | D:11     | You fall through a shaft for 2 floors!
  3750 | D:13     | Noticed a cyclops
  3761 | D:13     | Killed a cyclops
  3833 | D:12     | Gained mutation: You have a pair of small horns on your head. [potion of mutation]
  3833 | D:12     | Gained mutation: Your mind is acute. (Int +2) [potion of mutation]
  3869 | D:13     | Noticed a two-headed ogre
  3877 | D:13     | Reached ***** piety under Cheibriados
  3880 | D:13     | Killed a two-headed ogre
  3880 | D:13     | Reached XP level 12. HP: 80/93 MP: 22/22
  3955 | D:11     | Noticed Fannar
  3970 | D:11     | Killed Fannar
  4192 | D:10     | Bought a potion of might for 44 gold pieces
  4201 | D:10     | Killed a two-headed ogre
  4201 | D:10     | Reached skill level 7 in Long Blades
  4201 | D:10     | Reached skill level 7 in Axes
  4201 | D:10     | Reached skill level 7 in Maces & Flails
  4201 | D:10     | Reached skill level 7 in Polearms
  4201 | D:10     | Reached skill level 7 in Staves
  4201 | D:10     | Reached skill level 7 in Slings
  4201 | D:10     | Reached skill level 7 in Bows
  4201 | D:10     | Reached skill level 7 in Crossbows
  4201 | D:10     | Reached skill level 7 in Armour
  4201 | D:10     | Reached skill level 7 in Shields
  4201 | D:10     | Reached skill level 7 in Unarmed Combat
  4201 | D:10     | Reached skill level 7 in Spellcasting
  4201 | D:10     | Reached skill level 7 in Evocations
  4212 | D:10     | Noticed a two-headed ogre
  4218 | D:10     | Killed a two-headed ogre
  4258 | D:10     | Found a staircase to the Orcish Mines.
  4283 | D:10     | Reached skill level 6 in Conjurations
  4283 | D:10     | Reached skill level 6 in Hexes
  4283 | D:10     | Reached skill level 6 in Charms
  4283 | D:10     | Reached skill level 6 in Summonings
  4283 | D:10     | Reached skill level 6 in Necromancy
  4283 | D:10     | Reached skill level 6 in Translocations
  4283 | D:10     | Reached skill level 6 in Transmutations
  4283 | D:10     | Reached skill level 6 in Fire Magic
  4283 | D:10     | Reached skill level 6 in Ice Magic
  4283 | D:10     | Reached skill level 6 in Air Magic
  4283 | D:10     | Reached skill level 6 in Earth Magic
  4283 | D:10     | Reached skill level 6 in Poison Magic
  4297 | Orc:1    | Entered Level 1 of the Orcish Mines
  4317 | Orc:1    | Found Ketzoit's Distillery.
  4435 | Orc:1    | Reached skill level 8 in Invocations
  4437 | Orc:2    | Entered Level 2 of the Orcish Mines
  4614 | Orc:2    | Found a staircase to the Elven Halls.
  4659 | Orc:2    | Found a roughly hewn altar of Beogh.
  4712 | Elf:1    | Entered Level 1 of the Elven Halls
  4718 | Elf:1    | Reached skill level 8 in Dodging
  4746 | Elf:1    | Reached skill level 9 in Fighting
  4746 | Elf:1    | Reached skill level 9 in Short Blades
  4746 | Elf:1    | Reached skill level 9 in Throwing
  4832 | Elf:1    | Noticed a deep elf high priest
  4835 | Elf:1    | Reached XP level 13. HP: 37/101 MP: 18/24
  4835 | Elf:1    | Killed a deep elf high priest
  4873 | Elf:1    | Reached skill level 11 in Stealth
  5033 | Elf:1    | Reached skill level 8 in Long Blades
  5033 | Elf:1    | Reached skill level 8 in Axes
  5033 | Elf:1    | Reached skill level 8 in Maces & Flails
  5033 | Elf:1    | Reached skill level 8 in Polearms
  5033 | Elf:1    | Reached skill level 8 in Staves
  5033 | Elf:1    | Reached skill level 8 in Slings
  5033 | Elf:1    | Reached skill level 8 in Bows
  5033 | Elf:1    | Reached skill level 8 in Crossbows
  5033 | Elf:1    | Reached skill level 8 in Armour
  5033 | Elf:1    | Reached skill level 8 in Shields
  5033 | Elf:1    | Reached skill level 8 in Unarmed Combat
  5033 | Elf:1    | Reached skill level 8 in Spellcasting
  5033 | Elf:1    | Reached skill level 8 in Evocations
  5068 | Elf:2    | Noticed a deep elf demonologist
  5241 | Elf:2    | Noticed a deep elf annihilator
  5257 | Elf:2    | Reached skill level 9 in Invocations
  5273 | Elf:2    | HP: 3/101 [deep elf annihilator/crystal spear (49)]
  5275 | Elf:2    | Killed from afar by a deep elf annihilator

Skill      XL: |  1  2  3  4  5  6  7  8  9 10 11 12 13 |
---------------+----------------------------------------+-----
Invocations    | 1 2 3 4 5 6 7 8 9 |  9.0
Long Blades    | 1 2 3 4 5 6 7 8 |  8.2
Axes           | 1 2 3 4 5 6 7 8 |  8.2
Maces & Flails | 1 2 3 4 5 6 7 8 |  8.2
Polearms       | 1 2 3 4 5 6 7 8 |  8.2
Staves         | 1 2 3 4 5 6 7 8 |  8.2
Slings         | 1 2 3 4 5 6 7 8 |  8.2
Bows           | 1 2 3 4 5 6 7 8 |  8.2
Crossbows      | 1 2 3 4 5 6 7 8 |  8.2
Armour         | 1 2 3 4 5 6 7 8 |  8.2
Shields        | 1 2 3 4 5 6 7 8 |  8.2
Unarmed Combat | 1 2 3 4 5 6 7 8 |  8.2
Spellcasting   | 1 2 3 4 5 6 7 8 |  8.2
Evocations     | 1 2 3 4 5 6 7 8 |  8.2
Conjurations   | 1 2 3 4 5 6 |  6.8
Hexes          | 1 2 3 4 5 6 |  6.8
Charms         | 1 2 3 4 5 6 |  6.8
Summonings     | 1 2 3 4 5 6 |  6.8
Necromancy     | 1 2 3 4 5 6 |  6.8
Translocations | 1 2 3 4 5 6 |  6.8
Transmutations | 1 2 3 4 5 6 |  6.8
Fire Magic     | 1 2 3 4 5 6 |  6.8
Ice Magic      | 1 2 3 4 5 6 |  6.8
Air Magic      | 1 2 3 4 5 6 |  6.8
Earth Magic    | 1 2 3 4 5 6 |  6.8
Poison Magic   | 1 2 3 4 5 6 |  6.8
Dodging        | 3 4 5 6 7 8 |  8.7
Stealth        | 8 9 10 11 | 11.1
Fighting       | 5 6 7 8 9 |  9.4
Short Blades   | 5 6 7 8 9 |  9.4
Throwing       | 5 6 7 8 9 |  9.4

Action                   |  1- 3 |  4- 6 |  7- 9 | 10-12 | 13-15 || total
-------------------------+-------+-------+-------+-------+-------++-------
Melee: Dagger            |    36 |    78 |    40 |    22 |     1 ||   177
       Bite              |     3 |    10 |    37 |    62 |    10 ||   122
       Falchion          |       |     7 |       |       |       ||     7
       Short sword       |       |       |   178 |       |       ||   178
       Punch             |       |       |     7 |     2 |       ||     9
       Morningstar       |       |       |    38 |     5 |       ||    43
       Double sword      |       |       |       |   308 |    57 ||   365
       Headbutt          |       |       |       |    46 |    25 ||    71
 Fire: Blowgun           |     1 |     2 |    15 |     1 |       ||    19
Throw: Tomahawk          |       |     2 |    11 |    35 |     8 ||    56
Invok: Bend Time         |       |       |     2 |     4 |     1 ||     7
       Slouch            |       |       |       |     7 |     2 ||     9
Evoke: Wand              |       |       |    12 |    29 |     5 ||    46
  Use: Scroll            |     1 |     8 |     7 |     5 |       ||    21
       Potion            |       |     9 |     3 |     3 |     2 ||    17
 Stab: Sleeping          |     8 |     3 |    16 |    12 |     2 ||    41
       Distracted        |       |       |       |     2 |       ||     2
       Paralysed         |       |       |       |     2 |       ||     2
       Betrayed ally     |       |       |       |     1 |       ||     1
  Eat: Chunk             |       |       |     4 |     4 |     2 ||    10
       Ration            |       |       |       |     1 |       ||     1
Armor: Robe              |     6 |     8 |    16 |       |       ||    30
       Leather armour    |       |       |    26 |    36 |       ||    62
       Troll leather arm |       |       |       |    59 |    10 ||    69
Dodge: Dodged            |    14 |    65 |   167 |   292 |    36 ||   574
Block: Shield            |       |       |       |   182 |    32 ||   214
       Rpst.: Falchion   |       |     4 |       |       |       ||     4
       Double sword      |       |       |       |    67 |     7 ||    74

Table legend:
 A = Turns spent in this place as a percentage of turns spent in the entire game.
 B = Non-inter-level travel turns spent in this place as a percentage of non-inter-level travel turns spent in the entire game.
 C = Inter-level travel turns spent in this place as a percentage of turns spent in this place.
 D = Turns resting spent in this place as a percentage of non-inter-level travel turns spent in this place.
 E = Turns spent auto-exploring this place as a percentage of non-inter-level travel turns spent in this place.
 F = Non-inter-level travel turns spent in this place divided by the number of levels of this place that you've seen.
                   A       B       C       D       E      F
               +-------+-------+-------+-------+-------+----------------------
         Total | 100.0 | 100.0 |   0.6 |   0.0 |   0.0 | 291.2
       Dungeon |  81.5 |  81.8 |   0.3 |   0.0 |   0.0 | 306.1
  Orcish Mines |   7.9 |   7.9 |   0.0 |   0.0 |   0.0 | 207.5
   Elven Halls |  10.7 |  10.3 |   3.9 |   0.0 |   0.0 | 270.5
               +-------+-------+-------+-------+-------+----------------------

Table legend:
 A = Kills in this place as a percentage of kills in entire the game.
 B = Kills by you in this place as a percentage of kills by you in the entire game.
 C = Kills by friends in this place as a percentage of kills by friends in the entire game.
 D = Other kills in this place as a percentage of other kills in the entire game.
 E = Experience gained in this place as a percentage of experience gained in the entire game.
 F = Experience gained in this place divided by the number of levels of this place that you have seen.
                   A       B       C       D       E      F
               +-------+-------+-------+-------+-------+----------------------
         Total | 100.0 | 100.0 | 100.0 | 100.0 | 100.0 | 2425.0
       Dungeon |  82.4 |  82.0 | 100.0 | 100.0 |  57.7 | 1799.5
  Orcish Mines |   7.0 |   7.2 |   0.0 |   0.0 |   7.0 | 1527.5
   Elven Halls |  10.5 |  10.8 |   0.0 |   0.0 |  35.3 | 7701.0
               +-------+-------+-------+-------+-------+----------------------

Vault maps used:
D:1:      dpeg_arrival_rooms_c, hangedman_decor_riveting
D:2:      grunt_temple_overflow_forces_of_nature
D:3:      grunt_temple_overflow_magic_moments,
          yredelemnul_forgotten_temple_becter,
          gammafunk_temple_overflow_elements, nicolae_gozag_zags_fifth_avenue,
          first_ration, hex_tiny
D:4:      eat_drink_and_be_merry_uskayaw
D:5:      cheibrodos_fertilizer, lemuel_coloured_pillars_altar, serial_shops,
          shop, minmay_misc_feat_four_crosses
D:6:      lemuel_doored_altar, uniq_edmund
D:7:      minmay_temple_entry_butterflies, serial_shops, nicolae_shop_waterfront
D:8:      minmay_lair_entry_lava, uniq_grum, uniq_erica, uniq_joseph
D:9:      old_forge, kennysheep_decorative_pillar
D:10:     kennysheep_orc_monster_closet_entryway, serial_shops, shop,
          hangedman_little_slice_of_home, onia_ninara_dug_in_and_dangerous,
          uniq_urug
D:11:     uniq_fannar
D:13:     special_room
D:14:     grunt_vaults_entry_tiered, lemuel_tele_altar
Orc:1:    cheibrodos_orc_arena, serial_shops, nicolae_shop_trees
Orc:2:    st_orc_congregation, basic_altar, uniq_saint_roka
Elf:1:    eino_elf_arrival_sip, serial_glass, glass_columns_b, glass_columns_a,
          glass_columns_a, glass_columns_b, kennysheep_underground_church
Elf:2:    minivault_4, grunt_ministairs_8, uniq_aizul, uniq_nikola
